Map: Lightshade LE

Players

Cham - Winner!

  • Race: Zerg Zerg

Pacomike

  • Race: Protoss Protoss

Event: DreamHack SC2 Masters 2021 Winter

VOD

Have the link to the VOD?

Description

Time

  • Played on: Sept. 30, 2021, 5:02 p.m.
  • Length: 7:18

All games in this series

Show
View Real Time Build Order
Export as new Build Order

Cham Zerg - Winner!

Build Orders: Hatch First 

Get SALT Encoding   

  12  0:00  Drone  
  13  0:08  Drone  
  14  0:16  Overlord  
  14  0:34  Drone x2  
  16  0:46  Hatchery  
  15  0:50  Drone  
  15  0:55  Drone  
  17  0:58  Drone  
  18  1:11  Spawning Pool  
  17  1:12  Extractor  
  17  1:15  Drone  
  17  1:19  Drone  
  18  1:30  Drone  
  19  1:40  Drone  
  20  1:58  Queen x2  
  20  2:00  Drone  
  25  2:02  Overlord  
  25  2:05  Drone  
  26  2:11  Drone  
  26  2:12  Drone  
  28  2:22  Hatchery  
  28  2:27  Metabolic Boost  
  27  2:32  Drone  
  28  2:37  Queen  
  28  2:42  Zergling x2  
  28  2:43  Zergling x2  
  32  2:47  Drone  
  32  2:48  Drone  
  32  2:50  Drone  
  35  2:54  Drone  
  35  2:56  Overlord  
  35  3:06  Drone x2  
  35  3:10  Overlord  
  35  3:11  Overlord  
  36  3:17  Queen  
  38  3:20  Drone  
  38  3:22  Drone x2  
  41  3:27  Drone  
  41  3:34  Drone  
  43  3:35  Queen  
  43  3:36  Drone x2  
  47  3:43  Queen  
  47  3:45  Drone x2  
  51  3:49  Zergling x4  
  51  3:52  Zergling x2  
  54  3:56  Queen  
  54  3:59  Overlord  
  54  4:02  Drone x2  
  58  4:08  Overlord x2  
  58  4:15  Overlord  
  58  4:21  Extractor  
  57  4:25  Drone x2, Queen  
  57  4:27  Drone x2  
  57  4:28  Drone x4  
  67  4:33  Roach Warren  
  67  4:36  Drone x2  
  67  4:37  Drone  
  69  4:38  Drone  
  69  4:41  Drone x2  
  69  4:45  Drone x2  
  74  4:49  Drone x2, Extractor  
  74  4:50  Drone  
  74  4:51  Extractor  
  75  4:55  Spore Crawler x2  
  75  4:57  Extractor  
  72  5:02  Queen  
  72  5:03  Spore Crawler  
  72  5:04  Overlord  
  73  5:14  Roach  
  73  5:15  Roach x4  
  73  5:20  Roach x2  
  87  5:24  Lair  
  87  5:25  Roach  
  89  5:30  Roach x2  
  89  5:32  Roach  
  89  5:35  Roach  
  97  5:37  Overlord  
  97  5:49  Queen  
  98  5:50  Overlord x2  
  98  5:55  Queen  
  102  5:57  Ravager x5  
  102  5:59  Overlord  
  104  6:04  Drone  
  104  6:07  Overlord  
  102  6:15  Ravager x2  
  104  6:30  Roach x12  
  122  6:37  Zergling x2  
  122  6:39  Ravager x2  
  116  6:41  Zergling x4  
  116  6:46  Zergling x2  
  119  6:54  Hydralisk Den  
  119  6:58  Drone  
  117  7:01  Drone  
  117  7:02  Drone  
  122  7:13  Evolution Chamber  
  122  7:15  Extractor  
Show
View Real Time Build Order
Export as new Build Order

Pacomike Protoss 

Build Orders: 1 Gate Expand 

Get SALT Encoding   

  12  0:00  Probe  
  13  0:12  Probe  
  14  0:18  Pylon  
  14  0:24  Probe  
  15  0:36  Probe (Chrono Boost)  
  15  0:41  Gateway  
  16  0:46  Probe (Chrono Boost)  
  16  0:47  Assimilator  
  17  0:51  Probe (Chrono Boost)  
  18  1:03  Probe  
  19  1:15  Probe  
  20  1:23  Nexus  
  20  1:32  Cybernetics Core  
  20  1:35  Probe  
  21  1:43  Assimilator  
  21  1:47  Probe  
  21  1:51  Pylon  
  22  1:59  Probe (Chrono Boost)  
  23  2:08  Adept (Chrono Boost)  
  23  2:11  Probe (Chrono Boost)  
  26  2:17  Probe (Chrono Boost)  
  26  2:21  Stargate  
  27  2:27  Probe (Chrono Boost)  
  28  2:31  Adept  
  28  2:34  Probe (Chrono Boost)  
  31  2:40  Warp Gate  
  31  2:43  Probe (Chrono Boost)  
  31  2:44  Probe (Chrono Boost)  
  33  2:49  Probe (Chrono Boost)  
  33  2:50  Probe  
  35  2:58  Void Ray (Chrono Boost)  
  35  3:01  Adept, Probe  
  35  3:05  Probe  
  41  3:13  Probe  
  41  3:17  Probe  
  43  3:25  Probe  
  44  3:29  Probe  
  45  3:34  Nexus  
  45  3:35  Pylon  
  45  3:38  Probe  
  46  3:42  Assimilator  
  46  3:45  Assimilator  
  46  3:53  Probe (Chrono Boost)  
  46  3:54  Probe (Chrono Boost), Shield Battery  
  48  3:58  Pylon  
  48  4:03  Stargate  
  48  4:05  Probe (Chrono Boost)  
  50  4:11  Probe (Chrono Boost)  
  50  4:13  Gateway  
  50  4:14  Probe (Chrono Boost)  
  51  4:18  Probe (Chrono Boost)  
  51  4:19  Pylon  
  51  4:20  Probe  
  53  4:27  Void Ray (Chrono Boost)  
  53  4:30  Probe  
  58  4:35  Probe  
  58  4:36  Protoss Air Weapons Level 1  
  59  4:42  Probe (Chrono Boost)  
  59  4:45  Fleet Beacon  
  60  4:47  Void Ray (Chrono Boost)  
  60  4:48  Probe (Chrono Boost)  
  60  4:52  Probe (Chrono Boost)  
  63  4:54  Probe (Chrono Boost)  
  63  4:58  Probe (Chrono Boost)  
  63  4:59  Probe (Chrono Boost)  
  69  5:01  Probe (Chrono Boost)  
  69  5:04  Probe  
  71  5:08  Probe  
  71  5:11  Probe  
  71  5:12  Void Ray (Chrono Boost)  
  77  5:16  Probe  
  77  5:20  Probe  
  79  5:21  Void Ray (Chrono Boost)  
  79  5:22  Assimilator  
  79  5:23  Probe  
  79  5:24  Assimilator  
  79  5:25  Pylon  
  79  5:28  Probe  
  81  5:33  Flux Vanes  
  85  5:36  Pylon  
  85  5:38  Pylon  
  85  5:47  Shield Battery  
  85  5:49  Probe  
  86  5:54  Void Ray (Chrono Boost)  
  86  5:56  Void Ray (Chrono Boost), Shield Battery  
  86  5:58  Shield Battery  
  86  6:00  Probe, Pylon  
  86  6:01  Probe, Shield Battery  
  92  6:08  Probe  
  92  6:10  Stalker x2  
  99  6:29  Shield Battery  
  99  6:31  Pylon  
  97  6:33  Void Ray (Chrono Boost)  
  97  6:35  Zealot  
  97  6:37  Zealot  
  98  6:42  Void Ray (Chrono Boost)  
  98  6:44  Probe  
  94  6:55  Gateway x2  
  94  6:57  Pylon  
  94  6:59  Stalker x2  

Tags
 
Add a new tag
Caveats
  • Supply blocks, unpowered buildings, or Contaminate may cause inaccurate times.
  • Supply counts are checked every 10 seconds.